Map: Catalyst LE

Players

eKs - Winner!

  • Race: Zerg Zerg
  • League: Platinum
  • Spawn Location: 5:00

yoozernaim

  • Race: Zerg Zerg
  • League: Gold
  • Spawn Location: 11:00

VOD

Have the link to the VOD?

Description

Time

  • Played on: Dec. 30, 2017, 2:28 p.m.
  • Length: 7:28
Show
View Real Time Build Order
Export as new Build Order

eKs Zerg - Winner!

Build Orders: Pool First 

Get SALT Encoding   

  12  0:03  Drone  
  13  0:13  Overlord  
  13  0:20  Drone  
  14  0:31  Drone  
  14  0:35  Drone  
  16  0:46  Drone  
  17  0:51  Spawning Pool  
  17  0:53  Extractor  
  15  0:58  Drone  
  16  1:07  Drone  
  17  1:20  Hatchery  
  17  1:27  Hatchery  
  16  1:33  Drone  
  17  1:41  Zergling x4  
  19  1:51  Zergling x2  
  20  1:59  Lair  
  20  2:02  Overlord  
  20  2:17  Extractor  
  20  2:20  Roach Warren  
  18  2:40  Drone  
  18  2:41  Drone x3  
  22  2:46  Queen  
  24  3:01  Roach  
  24  3:02  Roach  
  28  3:18  Spire  
  27  3:24  Roach  
  29  3:31  Roach  
  28  3:52  Roach x3  
  34  4:02  Spine Crawler  
  33  4:20  Overlord x2  
  33  4:37  Mutalisk  
  33  4:38  Mutalisk  
  37  4:46  Mutalisk  
  39  5:03  Mutalisk, Zergling x2  
  42  5:18  Mutalisk  
  42  5:20  Mutalisk  
  42  5:42  Mutalisk  
  40  5:48  Drone  
  40  5:49  Drone  
  44  5:53  Overlord  
  35  6:07  Mutalisk  
  37  6:31  Mutalisk x2  
  41  6:34  Zergling x8  
  45  6:52  Mutalisk  
Show
View Real Time Build Order
Export as new Build Order

yoozernaim Zerg 

Build Orders: Hatch First 

Get SALT Encoding   

  12  0:01  Drone  
  13  0:08  Drone  
  14  0:21  Overlord  
  14  0:39  Drone x2  
  14  0:40  Drone  
  17  0:59  Hatchery  
  16  1:05  Extractor  
  15  1:12  Spawning Pool  
  15  1:14  Drone  
  15  1:15  Drone  
  16  1:19  Drone  
  18  1:32  Drone  
  18  1:37  Drone  
  19  1:48  Overlord  
  19  1:59  Queen  
  19  2:00  Zergling x2  
  22  2:05  Metabolic Boost  
  22  2:09  Zergling x2  
  22  2:15  Zergling x2  
  24  2:22  Roach Warren  
  23  2:23  Drone  
  23  2:25  Drone  
  25  2:31  Extractor  
  25  2:34  Queen  
  26  2:40  Drone  
  26  2:42  Drone  
  28  2:46  Zergling x2  
  29  2:52  Drone x2  
  31  3:00  Drone  
  31  3:02  Drone  
  33  3:09  Roach  
  35  3:20  Overlord  
  35  3:21  Overlord  
  35  3:26  Drone  
  36  3:38  Lair  
  36  3:41  Drone x3  
  37  3:51  Roach x2  
  37  3:52  Roach  
  43  3:55  Drone  
  43  3:56  Drone  
  45  4:08  Roach x3  
  49  4:18  Queen  
  51  4:25  Overlord x3  
  51  4:37  Evolution Chamber  
  50  4:40  Overlord x2, Evolution Chamber  
  49  4:47  Roach  
  51  5:00  Roach x4  
  51  5:04  Drone  
  59  5:24  Spire  
  59  5:27  Roach x4  
  65  5:49  Roach  
  69  5:50  Roach x4  
  75  6:02  Roach  
  71  6:13  Hydralisk Den  
  68  6:23  Spore Crawler  
  57  6:38  Queen  
  53  6:41  Roach x3  
  53  6:42  Hydralisk  
  56  6:48  Drone x2  
Tags
 
Add a new tag
Caveats
  • Supply blocks, unpowered buildings, or Contaminate may cause inaccurate times.
  • Supply counts are checked every 10 seconds.